 Dungeon Crawl Stone Soup version 0.15.1-1-gfacfea3 (webtiles) character file.

4939 Johnny the Bolt Thrower (level 10, -2/81 HPs)
             Began as a Demigod Hunter on Sept 29, 2014.
             Slain by a deep elf mage
             ... wielding a +0 short sword
              (3 damage)
             ... on Level 9 of the Dungeon.
             The game lasted 00:31:09 (10513 turns).

Johnny the Bolt Thrower (Demigod Hunter)           Turns: 10513, Time: 00:31:11

HP  -2/81        AC 14     Str 16      XL: 10   Next:  7%
MP  24/24        EV  8     Int 23      God:
Gold 498         SH  0     Dex 20      Spells:  3 memorised,  2 levels left

rFire  . . .     SeeInvis .     g - +0 war axe (freeze)
rCold  + . .     Clarity  .     y - +3 scale mail {MR+}
rNeg   . . .     rCorr    .     (no shield)
rPois  .         rRot     .     q - +1 hat
rElec  .         Spirit   .     r - +0 cloak
SustAb +         Warding  .     p - +0 pair of gloves
rMut   .         Stasis   .     k - +0 pair of boots
Gourm  .                        (no amulet)
MR     ++...                    w - ring of sustain abilities
                                n - ring of protection from cold

@: brilliant, lethally poisoned, drained, very resistant to hostile
enchantments, very unstealthy
A: no striking features
a: no special abilities


You were on level 9 of the Dungeon.
You were full.

You visited 1 branch of the dungeon, and saw 9 of its levels.

You collected 548 gold pieces.
You spent 50 gold pieces at shops.

Inventory:

Hand weapons
 b - a +1 hand crossbow
 c - a cursed +0 mace of protection
 g - a +0 war axe of freezing (weapon)
Missiles
 h - 7 bolts
 E - a throwing net (quivered)
Armour
 k - a +0 pair of boots (worn)
 p - a +0 pair of gloves (worn)
 q - a +1 hat (worn)
 r - a +0 cloak (worn)
 y - a +3 scale mail of magic resistance (worn)
Magical devices
 d - a wand of magic darts (21)
 t - a wand of flame (0)
 H - a wand of digging (3)
Comestibles
 f - 8 bread rations
 z - 2 meat rations
Scrolls
 e - 2 scrolls of enchant weapon
 j - 3 scrolls of remove curse
 o - 2 scrolls of noise
 s - 2 scrolls of random uselessness
 C - 3 scrolls of teleportation
 F - a scroll of amnesia {unknown}
 J - a scroll of fog {unknown}
 K - 2 scrolls of recharging
Jewellery
 n - a ring of protection from cold (left hand)
 w - a ring of sustain abilities (right hand)
Potions
 i - 2 potions of brilliance
 m - 2 potions of confusion
Books
 a - a book of Battle

   Spells                             Type                      Level
   Infusion                           Charms                       1
   Shroud of Golubria                 Charms/Translocation         2
   Song of Slaying                    Charms                       2
   Spectral Weapon                    Hexes/Charms                 3
   *Regeneration                      Charms/Necromancy            3
 u - a book of Power

   Spells                             Type                      Level
   Fulminant Prism                    Conjuration/Hexes            4
   Iskenderun's Mystic Blast          Conjuration                  4
   Venom Bolt                         Conjuration/Poison           5
   Bolt of Magma                      Conjuration/Fire/Earth       5
   *Iron Shot                         Conjuration/Earth            6
   Orb of Destruction                 Conjuration                  7
 A - a book of Wizardry

   Spells                             Type                      Level
   Agony                              Necromancy                   5
   Force Lance                        Conjuration                  5
   Dispersal                          Translocation                6
   *Haste                             Charms                       6
   Invisibility                       Hexes                        6
   Spellforged Servitor               Conjuration/Summoning        7


   Skills:
 * Level 5.4(4.7) Fighting
 * Level 6.3(5.7) Crossbows
 + Level 4.4(3.8) Armour
 * Level 5.2(4.5) Dodging
 + Level 4.3(3.6) Stealth
 * Level 4.4(3.7) Spellcasting
 * Level 0.3(0.0) Conjurations
 * Level 3.5(2.8) Charms
 * Level 3.6(3.0) Necromancy
 * Level 0.3(0.0) Earth Magic
 * Level 4.3(3.7) Evocations


You had 2 spell levels left.
You knew the following spells:

 Your Spells              Type           Power        Failure   Level  Hunger
a - Regeneration          Chrm/Necr      ####......   4%          3    ###....
b - Haste                 Chrm           ####....     96%         6    #######
c - Iron Shot             Conj/Erth      ###.......   99%         6    #######


Dungeon Overview and Level Annotations

Branches:
Dungeon (9/15)             Temple (0/1) D:5
    Orc: D:9-12        Lair: D:8-11

Shops:
D:5 *


Message History

You are lethally poisoned!
It was a potion of poison.
* * * LOW HITPOINT WARNING * * *
You feel sick.
Drink which item? (? for menu, Esc to quit)
That potion was really gluggy!
* * * LOW HITPOINT WARNING * * *
You feel sick.
Drink which item? (? for menu, Esc to quit)
You feel clever all of a sudden.
* * * LOW HITPOINT WARNING * * *
You feel sick.
Read which item? (? for menu, Esc to quit)
As you read the scroll labeled SEEVY TITOPA, it crumbles to dust.
The creatures around you are filled with an inner flame!
It was a scroll of immolation.
* * * LOW HITPOINT WARNING * * *
You feel sick.
The deep elf mage hits you with a short sword.
You die...

########)###
###.....%....#
#............#..
#.#............#
#.....?....###
#..........#
#..........#
#.).e......#
#...@......#
#..........#
#..........#
#..........#
#..........#
######..####
######.### ##+####
#........# .......
#........#########


You could see a deep elf mage (inner flame).

Vanquished Creatures
  A wyvern (D:8)
  Eustachio (D:6)
  5 yaks
  2 hungry ghosts (D:8)
  A hippogriff (D:7)
  Edmund (D:5)
  3 sky beasts (D:8)
  An orc warrior (D:9)
  5 ice beasts
  4 ogres
  2 centaurs
  Sigmund (D:5)
  Duvessa (D:4)
  A big kobold (D:8)
  4 giant frogs
  A komodo dragon zombie (D:7)
  2 scorpions
  4 wights (D:9)
  Dowan (D:4)
  A goliath beetle (D:6)
  2 crimson imps (D:6)
  A centaur zombie (D:6)
  4 orc priests
  A giant frog skeleton (D:8)
  3 jellies
  6 hounds
  An iguana (D:7)
  8 orc wizards
  6 worker ants
  Ijyb (D:3)
  Jessica (D:3)
  2 sky beast zombies (D:6)
  A worker ant zombie (D:7)
  6 gnolls
  9 adders
  2 shadow imps
  2 giant mites (D:3)
  3 worms
  An iguana skeleton (D:5)
  An adder skeleton (D:4)
  3 giant geckos
  An ooze (D:2)
  27 orcs
  A bat skeleton (D:4)
  7 giant cockroaches
  13 goblins
  16 hobgoblins
  2 jackals (D:2)
  11 kobolds
  3 quokkas
  11 bats
  5 giant newts
  2 goblin skeletons
  15 rats
  A rat skeleton (D:6)
  5 ballistomycetes (D:9)
226 creatures vanquished.

Vanquished Creatures (others)
  An orc wizard (D:6)
  A giant spore (D:9)
  A rat (D:8)
3 creatures vanquished.

Grand Total: 229 creatures vanquished

Notes
Turn   | Place    | Note
--------------------------------------------------------------
     0 | D:1      | Johnny, the Demigod Hunter, began the quest for the Orb.
     0 | D:1      | Reached XP level 1. HP: 15/15 MP: 2/2
   124 | D:1      | Reached skill level 1 in Fighting
   131 | D:1      | Reached skill level 1 in Stealth
   171 | D:1      | Reached XP level 2. HP: 23/23 MP: 3/3
   631 | D:2      | Reached XP level 3. HP: 28/28 MP: 5/5
   698 | D:2      | Reached skill level 1 in Armour
   720 | D:2      | Found a bloodstained altar of Trog.
  1322 | D:3      | Found a deep blue altar of Sif Muna.
  1373 | D:3      | Reached skill level 1 in Spellcasting
  1379 | D:3      | Reached XP level 4. HP: 36/36 MP: 6/8
  1694 | D:3      | Noticed Jessica
  1707 | D:3      | Killed Jessica
  2095 | D:4      | Reached XP level 5. HP: 41/41 MP: 10/10
  2151 | D:4      | Reached skill level 4 in Crossbows
  2171 | D:4      | Noticed Ijyb
  2174 | D:4      | Noticed an ogre
  2205 | D:3      | Killed Ijyb
  2227 | D:4      | Noticed an ogre
  2232 | D:4      | Killed an ogre
  2401 | D:4      | Reached XP level 6. HP: 34/50 MP: 13/13
  2617 | D:4      | Noticed Dowan
  2620 | D:4      | Noticed Duvessa
  2639 | D:5      | Entered Level 5 of the Dungeon
  2787 | D:5      | Found a white marble altar of Elyvilon.
  2788 | D:5      | Found a glowing silver altar of Zin.
  2788 | D:5      | Found a glowing golden altar of the Shining One.
  2842 | D:5      | Found Schodymango's Assorted Antiques.
  2956 | D:5      | Noticed Edmund
  4084 | D:4      | Killed an ogre
  4387 | D:4      | Killed Duvessa
  4398 | D:4      | Killed Dowan
  4452 | D:4      | Reached XP level 7. HP: 32/57 MP: 17/17
  4816 | D:5      | Killed Edmund
  5202 | D:5      | Bought a scroll of identify for 50 gold pieces
  5329 | D:5      | Noticed Sigmund
  5504 | D:5      | Killed Sigmund
  5504 | D:5      | Reached skill level 1 in Evocations
  5599 | D:5      | Found a staircase to the Ecumenical Temple.
  5629 | D:6      | Noticed Eustachio
  5748 | D:6      | Reached skill level 5 in Crossbows
  6043 | D:6      | Learned a level 3 spell: Regeneration
  6050 | D:6      | Learned a level 6 spell: Haste
  6092 | D:6      | Reached XP level 8. HP: 66/66 MP: 18/18
  6270 | D:6      | Killed Eustachio
  6331 | D:6      | Reached skill level 1 in Charms
  6443 | D:6      | Reached skill level 1 in Necromancy
  6578 | D:7      | Found a shimmering altar of Xom.
  6579 | D:7      | Found an iron altar of Okawaru.
  6781 | D:7      | Found a stormy altar of Qazlal.
  7828 | D:8      | Reached XP level 9. HP: 72/72 MP: 21/21
  7904 | D:8      | Found a shadowy altar of Dithmenos.
  8024 | D:8      | Found a radiant altar of Vehumet.
  8309 | D:8      | Reached skill level 5 in Fighting
  8488 | D:8      | Reached skill level 6 in Crossbows
  8920 | D:8      | Reached skill level 5 in Dodging
 10028 | D:9      | Reached XP level 10. HP: 71/81 MP: 24/24
 10211 | D:9      | Learned a level 6 spell: Iron Shot
 10491 | D:9      | HP: 2/81 [troll (3)]
 10510 | D:9      | HP: 4/81 [poison (a potion of poison)]
 10513 | D:9      | HP: 1/81 [poison (a potion of poison)]
 10513 | D:9      | Slain by a deep elf mage

Action                   |  1- 3 |  4- 6 |  7- 9 | 10-12 || total
-------------------------+-------+-------+-------+-------++-------
Melee: War axe           |       |    60 |   310 |    69 ||   439
       Short sword       |       |     5 |       |       ||     5
 Fire: Hand crossbow     |   112 |   152 |   314 |       ||   578
Throw: Throwing net      |       |     2 |     3 |       ||     5
Evoke: Wand              |       |     2 |     5 |       ||     7
  Use: Scroll            |       |     8 |     4 |     2 ||    14
       Potion            |       |     4 |     2 |     5 ||    11
 Stab: Held in net/web   |       |       |     3 |       ||     3
  Eat: Chunk             |       |     7 |    11 |     1 ||    19
       Pizza             |       |     2 |     1 |       ||     3
       Royal jelly       |       |     1 |       |       ||     1
       Fruit             |       |       |     6 |       ||     6
       Meat ration       |       |       |     1 |       ||     1
